AoeStats
← Long-Long-Way

African Clearing

505708459Analyzed
4v4 RM · 21d ago on Sep 10, 2026· 52m 41s· 8 players
Game mode
Random Map
Map size
Large (8 player)
Population
200
Speed
Normal
Resources
Standard
Victory
Conquest
Starting age
Dark Age
Ending age
Imperial Age
RankedLock teamsTeams togetherTeam positionsShared explorationLock speedFull tech treeHidden civsTurbo modeCheats
Victory
Defeat
🇹🇷 Mongols · Türkiye
1593
+12
🇲🇽 Magyars · Mexico
1521
+15
🇹🇷 Lithuanians · Türkiye
1513
+15
🇪🇨 Persians · Ecuador
1480
+16
🇨🇳 Cumans · China
1576
-17
🇺🇸 Inca · United States
1550
-17
🇲🇽 Portuguese · Mexico
1433
-12
🇦🇷 Mapuche · Argentina
1420
-12
CoterLee
2:58 Loom
12:16 Feudal Age
23:00 Castle Age
21:52 Gold Mining
24:10 Fletching
38:16 Ballistics
38:42 Bodkin Arrow
45:57 Wheelbarrow
45:31 Double-Bit Axe
45:59 Padded Archer Armor
46:01 Husbandry
47:31 Hand Cart
47:16 Town Watch
49:58 Town Patrol
50:43 Bow Saw
51:13 Gold Shaft Mining
50:22 Horse Collar
nicetobeatyou
6:31 Loom
12:35 Feudal Age
13:31 Double-Bit Axe
14:56 Horse Collar
22:26 Castle Age
21:47 Scale Barding Armor
21:55 Bloodlines
23:02 Forging
23:35 Bow Saw
26:12 Husbandry
31:08 Heavy Plow
32:45 Wheelbarrow
32:47 Iron Casting
33:45 Chain Barding Armor
33:55 Gold Mining
42:36 Imperial Age
40:50 Coinage
41:30 Stone Mining
42:13 Hand Cart
41:43 Town Watch
42:43 Cavalier
44:57 Plate Barding Armor
44:55 Banking
44:34 Paladin
45:17 Capped Ram
47:09 Conscription
49:01 Chemistry
47:54 Fletching
49:16 Town Patrol
49:35 Hill Forts
49:35 Bodkin Arrow
49:47 Man-at-Arms
50:28 Squires
50:13 Arson
50:29 Scale Mail Armor
51:48 Long Swordsman
53:41 Crop Rotation
[ECU] QUITUS
5:31 Loom
14:20 Feudal Age
38:16 Castle Age
36:28 Double-Bit Axe
36:32 Horse Collar
37:12 Gold Mining
39:45 Wheelbarrow
39:36 Bloodlines
40:32 Bow Saw
40:24 Heavy Plow
42:43 Scale Barding Armor
44:12 Chain Barding Armor
44:33 Husbandry
46:18 Gold Shaft Mining
46:10 Forging
51:39 Imperial Age
50:25 Iron Casting
50:20 Hand Cart
51:20 Town Watch
51:19 Cavalier
52:37 Plate Barding Armor
54:20 Blast Furnace
Jugband
12:16 Feudal Age
13:31 Loom
16:15 Castle Age
14:07 Double-Bit Axe
17:16 Bow Saw
17:51 Town Watch
19:57 Wheelbarrow
21:18 Wheelbarrow
28:41 Hand Cart
32:30 Gold Mining
32:22 Horse Collar
36:57 Imperial Age
34:25 Fletching
34:36 Padded Archer Armor
35:15 Bodkin Arrow
36:52 Ballistics
37:39 Bracer
38:40 Chemistry
37:44 Heavy Plow
38:32 Conscription
39:55 Leather Archer Armor
39:51 Masonry
40:09 Bloodlines
39:59 Husbandry
40:26 Elite Mangudai
41:44 Parthian Tactics
42:01 Thumb Ring
42:56 Capped Ram
44:04 Forging
44:00 Scale Barding Armor
43:16 Light Cavalry
43:58 Squires
44:08 Siege Ram
45:33 Iron Casting
45:26 Siege Engineers
46:02 Chain Barding Armor
48:04 Blast Furnace
47:03 Murder Holes
47:44 Hoardings
47:35 Drill
52:47 Scale Mail Armor
RKs Raggz
10:06 Loom
13:45 Feudal Age
14:44 Double-Bit Axe
17:32 Castle Age
31:27 Wheelbarrow
30:37 Horse Collar
31:46 Town Watch
33:35 Fletching
34:22 Bodkin Arrow
35:59 Bow Saw
37:59 Town Patrol
38:16 Hand Cart
42:01 Imperial Age
39:46 Stone Mining
39:48 Gold Mining
40:39 Heavy Plow
42:23 Ballistics
42:46 Arquebus
43:49 Chemistry
42:54 Elite Organ Gun
44:16 Conscription
45:34 Town Patrol
MenaChuuni
10:28 Loom
12:47 Feudal Age
16:43 Castle Age
17:35 Double-Bit Axe
35:48 Horse Collar
36:56 Bow Saw
37:25 Scale Mail Armor
38:01 Forging
40:32 Wheelbarrow
40:05 Fletching
42:54 Chain Mail Armor
43:28 Heavy Plow
46:50 Iron Casting
50:34 Imperial Age
49:37 Hand Cart
49:54 Bodkin Arrow
51:02 Ballistics
51:47 Plate Mail Armor
50:47 Elite Kamayuk
53:16 Blast Furnace
52:13 Gold Mining
CTM | Severo24cm
3:17 Loom
12:44 Feudal Age
17:46 Castle Age
16:20 Double-Bit Axe
17:09 Fletching
17:54 Horse Collar
18:25 Bodkin Arrow
19:54 Horse Collar
23:49 Padded Archer Armor
27:01 Bow Saw
26:42 Gold Mining
28:11 Stone Mining
29:34 Ballistics
30:25 Gold Mining
33:00 Heavy Plow
33:45 Leather Archer Armor
35:04 Wheelbarrow
38:17 Malon
39:13 Gold Shaft Mining
38:29 Town Watch
40:43 Hand Cart
43:15 Elite Skirmisher
48:54 Imperial Age
54:38 Imperial Age
Long-Long-Way
6:50 Loom
12:22 Feudal Age
13:56 Town Watch
28:24 Double-Bit Axe
35:38 Fishing Lines
38:57 Castle Age
37:00 Horse Collar
39:17 Bloodlines
39:36 Gillnets
41:31 Wheelbarrow
41:10 Bow Saw
46:21 Imperial Age
43:54 Fletching
45:03 Forging
44:59 Scale Barding Armor
46:30 Chain Barding Armor
46:25 Cavalier
47:48 Plate Barding Armor
48:44 Iron Casting
49:15 Conscription
50:47 Hand Cart
51:32 Gold Mining
51:24 Paladin
Connection lost

Rejoining the realm…

Still unreachable

The connection could not be restored.

Session expired

The server has moved on; the page needs a fresh start.